Map: Rhoskallian LE

Players

ГÔЛÔВÔРЕЗ

  • Race: Terran Terran
  • League: Master
  • Spawn Location: 5:00

Hopeless

  • Race: Protoss Protoss
  • League: Master
  • Spawn Location: 6:00

qqq

  • Race: Protoss Protoss
  • League: Platinum
  • Spawn Location: 11:00

Massa

  • Race: Terran Terran
  • League: Gold
  • Spawn Location: 12:00

VOD

Have the link to the VOD?

Description

Time

  • Played on: Aug. 10, 2020, 11:24 a.m.
  • Length: 4:36
Show
View Real Time Build Order
Export as new Build Order

ГÔЛÔВÔРЕЗ Terran 

Build Orders:  

Get SALT Encoding   

  12  0:00  SCV  
  13  0:12  SCV  
  14  0:18  Supply Depot  
  14  0:24  SCV  
  15  0:33  Refinery  
  15  0:40  SCV  
  16  0:45  Barracks  
  16  0:52  SCV  
  18  1:04  SCV  
  18  1:12  Barracks  
  18  1:16  SCV  
  19  1:24  Barracks  
  19  1:29  SCV  
  20  1:33  Reaper  
  21  1:45  Orbital Command  
  21  1:52  Refinery  
  21  2:00  Reaper  
  22  2:02  Supply Depot  
  22  2:08  Reaper  
  23  2:24  SCV, Reaper  
  23  2:25  Supply Depot  
  25  2:32  Reaper  
  25  2:36  SCV  
  27  2:48  SCV  
  27  3:13  Reaper  
  27  3:14  Reaper x2, SCV  
  31  3:28  Command Center  
  30  3:36  SCV  
  30  3:39  Engineering Bay  
  30  3:40  Engineering Bay  
  31  3:42  Supply Depot  
  33  3:49  SCV  
  34  3:56  Barracks Tech Lab  
  34  3:58  Barracks Reactor  
  34  3:59  Barracks Tech Lab  
  34  4:01  SCV  
  33  4:13  SCV  
Show
View Real Time Build Order
Export as new Build Order

Hopeless Protoss 

Build Orders:  

Get SALT Encoding   

  12  0:00  Probe  
  13  0:12  Probe  
  14  0:18  Pylon  
  14  0:24  Probe (Chrono Boost)  
  15  0:38  Probe (Chrono Boost)  
  15  0:41  Gateway  
  16  0:44  Probe (Chrono Boost)  
  16  0:49  Assimilator  
  17  0:52  Probe  
  17  0:56  Assimilator  
  18  1:04  Probe  
  19  1:16  Gateway  
  19  1:20  Probe  
  20  1:31  Cybernetics Core  
  20  1:32  Probe  
  21  1:44  Probe  
  21  1:46  Pylon  
  22  1:56  Probe  
  23  2:05  Warp Gate (Chrono Boost)  
  23  2:09  Stalker  
  23  2:10  Stalker  
  27  2:16  Robotics Facility  
  27  2:27  Gateway  
  27  2:33  Pylon  
  27  2:41  Stalker  
  29  2:49  Stalker  
  31  3:02  Pylon  
  31  3:11  Warp Prism (Chrono Boost)  
  33  3:33  Pylon  
  33  3:41  Stalker x2  
  33  3:46  Stalker  
  39  4:21  Stalker x3  
Show
View Real Time Build Order
Export as new Build Order

qqq Protoss 

Build Orders:  

Get SALT Encoding   

  12  0:06  Probe  
  13  0:15  Pylon  
  13  0:18  Probe  
  14  0:30  Pylon  
  14  0:32  Probe  
  15  0:44  Probe  
  16  0:52  Gateway  
  16  0:58  Pylon  
  16  1:01  Probe  
  17  1:14  Probe  
  18  1:45  Nexus  
  18  1:52  Probe  
  19  1:59  Cybernetics Core  
  19  2:03  Assimilator  
  19  2:04  Probe  
  19  2:08  Assimilator  
  20  2:16  Probe  
  21  2:29  Probe  
  22  2:41  Probe  
  23  2:45  Forge  
  23  2:53  Probe  
  24  3:00  Stalker (Chrono Boost)  
  24  3:05  Probe  
  27  3:12  Probe  
  28  3:17  Probe  
  29  3:22  Stalker (Chrono Boost)  
  29  3:24  Probe  
  32  3:29  Probe  
  33  3:36  Probe  
  34  3:41  Probe  
  34  3:44  Assimilator  
  34  3:48  Probe  
  35  3:53  Probe  
  36  4:00  Probe, Photon Cannon  
  37  4:03  Photon Cannon  
  37  4:05  Probe  
  37  4:06  Assimilator  
  38  4:12  Probe  
  38  4:14  Stargate  
  39  4:17  Probe  
Show
View Real Time Build Order
Export as new Build Order

Massa Terran 

Build Orders:  

Get SALT Encoding   

  12  0:02  SCV  
  13  0:14  SCV  
  14  0:25  Supply Depot  
  14  0:26  SCV  
  15  0:31  Refinery  
  15  0:47  SCV  
  15  0:48  Barracks  
  16  0:59  SCV  
  17  1:11  SCV  
  18  1:23  SCV  
  19  1:35  SCV  
  20  1:53  Reaper  
  21  1:58  SCV  
  22  2:10  SCV  
  22  2:11  Command Center  
  23  2:32  Supply Depot  
  23  2:35  Marine  
  23  2:53  Marine  
  23  2:55  Supply Depot  
  23  3:09  SCV  
  22  3:21  SCV  
  21  3:33  SCV  
  21  3:40  Supply Depot  
  21  3:45  SCV  
  19  4:02  Orbital Command  
  19  4:03  Marine  
  20  4:11  Factory  
Tags
 
Add a new tag
Caveats
  • Supply blocks, unpowered buildings, or Contaminate may cause inaccurate times.
  • Supply counts are checked every 10 seconds.